 Dungeon Crawl Stone Soup version 0.22.0-36-g8e74550 (webtiles) character file.

55885 raph the Fencer (level 14, -8/129 HPs)
             Began as a Minotaur Berserker on Aug 24, 2018.
             Was a High Priest of Trog.
             Mangled by a sixfirhy (9 damage)
             ... summoned by an orc high priest
             ... on level 2 of the Orcish Mines.
             The game lasted 00:51:37 (22551 turns).

raph the Fencer (Minotaur Berserker)               Turns: 22551, Time: 00:51:39

Health: -8/129     AC: 26    Str: 21    XL:     14   Next: 40%
Magic:  35/35      EV: 14    Int: 16    God:    Trog [*****.]
Gold:   1304       SH:  0    Dex: 18    Spells: 13/13 levels left

rFire    + . .     SeeInvis .   a - +4 great sword (drain)
rCold    + + .     Gourm    .   (shield currently unavailable)
rNeg     . . .     Faith    .   T - +1 plate armour {rC+}
rPois    .         Spirit   .   z - +2 hat
rElec    .         Reflect  .   L - scarf {rC+ rF+}
rCorr    .         Harm     .   B - +2 pair of gloves {archery}
MR       +++..                  M - +2 pair of boots
Stlth    ..........             (no amulet)
HPRegen  1.31/turn              m - ring of Ytaosem {MP+9 Int+5 Dex+2}
MPRegen  0.24/turn              h - ring of Worchyji {+Inv MP+9 Int+7}

@: regenerating
A: retaliatory headbutt, horns 2
a: Berserk, Trog's Hand, Brothers in Arms, Renounce Religion, Evoke Invisibility


You were on level 2 of the Orcish Mines.
You worshipped Trog.
Trog was extremely pleased with you.
You were not hungry.

You visited 3 branches of the dungeon, and saw 20 of its levels.
You also visited: Labyrinth and Volcano.

You collected 1619 gold pieces.
You spent 315 gold pieces at shops.

Inventory:

Hand Weapons
 a - a +4 great sword of draining (weapon)
 b - a +3 longbow of freezing
 v - a +1 long sword
 Q - a +2 long sword of electrocution
 W - a +0 shortbow
Missiles
 p - 409 arrows
 J - 18 javelins of returning (quivered)
Armour
 z - a +2 hat (worn)
 B - a +2 pair of gloves of archery (worn)
 L - a scarf of resistance (worn)
 M - a +2 pair of boots (worn)
 T - a +1 plate armour of cold resistance (worn)
Jewellery
 h - the ring of Worchyji (right hand) {+Inv MP+9 Int+7}
   (You acquired it on level 4 of the Lair of Beasts)

   [ring of magical power]

   It affects your intelligence (+7).
   It affects your magic capacity (+9).
   It lets you turn invisible.
 m - the ring of Ytaosem (left hand) {MP+9 Int+5 Dex+2}
   (You found it on level 2 of the Lair of Beasts)

   [ring of magical power]

   It affects your intelligence (+5).
   It affects your dexterity (+2).
   It affects your magic capacity (+9).
 r - a +5 ring of intelligence
 x - an uncursed ring of resist corrosion
 G - a +2 ring of evasion
 O - an uncursed ring of positive energy
 R - an uncursed ring of poison resistance
Wands
 k - a wand of flame (23)
 n - a wand of enslavement (22)
 o - a wand of disintegration (14)
 y - a wand of digging (9)
 C - a wand of acid (5)
 I - a wand of polymorph (14)
 U - a wand of paralysis (53)
Scrolls
 j - 6 scrolls of remove curse
 s - 5 scrolls of fear
 t - 9 scrolls of teleportation
 D - 3 scrolls of blinking
 K - 10 scrolls of identify
 N - a scroll of fog
Potions
 e - 6 potions of curing
 f - 5 potions of heal wounds
 g - 3 potions of agility
 i - 3 potions of cancellation
 l - a potion of resistance
 q - 4 potions of flight
 u - 7 potions of brilliance
 A - 3 potions of invisibility
 F - 4 potions of haste
 H - a potion of might
 V - a potion of ambrosia
 X - 2 potions of berserk rage {unknown}
Miscellaneous
 w - a fan of gales
 E - a phial of floods
 P - a lamp of fire
 S - a box of beasts
Comestibles
 c - 38 rations


   Skills:
 + Level 13.1 Fighting
 + Level 16.5 Long Blades
 + Level 7.9 Bows
 + Level 13.0 Armour
 + Level 12.0 Dodging
 + Level 6.3 Evocations


You had 13 spell levels left.
You didn't know any spells.
Your spell library was empty.

Dungeon Overview and Level Annotations

Branches:
Dungeon (12/15)            Temple (0/1) D:5            Lair (6/6) D:11
  Swamp (0/4) Lair:4        Snake (0/4) Lair:3        Slime (0/5) Lair:5
    Orc (2/2) D:9
    Elf: Orc:2

Altars:
Cheibriados
Dithmenos
Gozag
Hepliaklqana
Makhleb
Nemelex Xobeh
Ru
Sif Muna
Trog
Uskayaw
Wu Jian
Xom
Zin
Beogh

Shops:
D:5 [   D:7 (**?

Annotations:
Orc:1 2 transporters, Oxkywax's ghost, journeyman DsFE


Innate Abilities, Weirdness & Mutations

You reflexively headbutt those who attack you in melee.
You have a pair of horns on your head.


Message History

Items here: ( ))) [ † You slash the orc high priest!
You headbutt the orc high priest!
The orc high priest is almost dead.
The orc high priest hits you but does no damage.
You slice the orc high priest!!
You kill the orc high priest!
Trog accepts your kill.
Your Armour skill increases to level 13!
The orc priest invokes the aid of Beogh against you.
Beogh smites you!
* * * LOW HITPOINT WARNING * * *
An orc priest comes into view.
You hear a shout!
The sixfirhy closely misses you. You furiously retaliate!
You headbutt the sixfirhy! The sixfirhy misses you.
The sixfirhy hits you but does no damage.
The sixfirhy hits you!
* * * LOW HITPOINT WARNING * * *
The sixfirhy shocks you!
You die...

...#.....# #...
.........# #..#
......#.# #..#
.......# #..# .......#
#..# .......##
##..###o##..
........##
##.))o(ooo...
.........#
#.)(3###'###.
..#.....#### ##.@)#
..##....##.###†(..#
.#####........)...# .#
#.........)$...#
.........#...()...#
......#####.##.#......
...... ######.......
...... ######## .....#


You could see a sixfirhy and an orc priest.

Vanquished Creatures
  An orc warlord (Orc:2)
  A stone giant (Orc:2)
  A minotaur (Lab)
  2 two-headed ogres (D:12)
  2 orc high priests (Orc:2)
  6 death yaks (Lair:5)
  Urug (Lair:4)
  2 orc knights (D:9)
  A wolf spider zombie (D:11)
  A lindwurm (Lair:5)
  4 orc sorcerers
  4 ugly things
  A cyclops (D:12)
  5 black mambas
  A smoke demon (Volcano)
  A molten gargoyle (Volcano)
  5 torpor snails
  2 rime drakes
  8 spiny frogs
  11 komodo dragons
  2 gargoyles
  A kobold demonologist (D:11)
  2 red devils (Volcano)
  6 trolls
  A minotaur skeleton (Lab)
  A hornet (Lair:4)
  A polar bear (Lair:3)
  40 blink frogs
  7 hippogriffs
  5 wyverns
  6 fire bats (Volcano)
  A wraith (D:11)
  18 yaks
  A hog (shapeshifter) (D:9)
  3 basilisks
  4 hogs (D:9)
  A human (D:9)
  2 hungry ghosts
  3 nagas (Lair:3)
  7 wargs
  A hell hound (Volcano)
  12 water moccasins
  9 porcupines
  3 sky beasts
  14 orc warriors
  An ice beast (D:9)
  A black bear (Lair:2)
  3 wolves (Lair:1)
  8 ogres
  A necrophage (D:8)
  11 centaurs
  4 crocodiles
  6 big kobolds
  17 bullfrogs
  3 gnoll sergeants (D:9)
  A wyvern skeleton (D:6)
  A water moccasin zombie (D:12)
  3 scorpions
  8 killer bees
  7 wights
  2 electric eels (Lair:2)
  5 howler monkeys
  7 lava snakes (Volcano)
  4 crimson imps
  4 bullfrog zombies
  A quasit (D:7)
  15 orc priests
  5 bullfrog skeletons
  5 hounds
  4 jellies
  13 orc wizards
  2 centaur skeletons
  10 worker ants
  3 iguanas
  A hound zombie (D:11)
  2 hound skeletons
  2 worker ant zombies
  14 adders
  11 gnolls
  A shadow imp (D:6)
  12 white imps (Lair:4)
  9 oozes
  3 adder zombies
  3 adder skeletons
  4 worms
  A dart slug (D:1)
  6 leopard geckos
  69 orcs
  9 bats
  6 giant cockroaches
  8 goblins
  6 hobgoblins (D:1)
  10 jackals
  31 kobolds
  4 quokkas
  A ball python (D:3)
  3 frilled lizards (D:2)
  13 rats
  2 fungi (D:2)
597 creatures vanquished.

Vanquished Creatures (collateral kills)
  2 hydras
  Grum (Lair:1)
  A wolf (Lair:1)
4 creatures vanquished.

Vanquished Creatures (others)
  31 fungi
  14 plants
  11 toadstools (D:2)
56 creatures vanquished.

Grand Total: 657 creatures vanquished

Notes
Turn   | Place    | Note
-------+----------+-------------------------------------------
     0 | D:1      | raph the Minotaur Berserker began the quest for the Orb.
     0 | D:1      | Reached XP level 1. HP: 19/19 MP: 0/0
   165 | D:1      | Reached XP level 2. HP: 9/27 MP: 1/1
   245 | D:1      | Reached skill level 4 in Long Blades
   974 | D:1      | Reached XP level 3. HP: 33/33 MP: 2/2
  1239 | D:2      | Reached ** piety under Trog
  1325 | D:2      | Found a snail-covered altar of Cheibriados.
  1396 | D:2      | Reached XP level 4. HP: 36/40 MP: 3/3
  1821 | D:2      | Reached skill level 5 in Long Blades
  1834 | D:2      | Reached XP level 5. HP: 47/47 MP: 4/4
  1980 | D:2      | Found a shadowy altar of Dithmenos.
  2285 | D:3      | Reached *** piety under Trog
  2712 | D:4      | Reached XP level 6. HP: 51/55 MP: 5/5
  2765 | D:4      | Found a shimmering altar of Xom.
  2823 | D:4      | Reached skill level 6 in Long Blades
  2904 | D:4      | Reached skill level 5 in Fighting
  2972 | D:4      | Found a deep blue altar of Sif Muna.
  2972 | D:4      | Found a bloodstained altar of Trog.
  2992 | D:4      | Found a faded altar of an unknown god.
  2997 | D:4      | Found a faded altar of an unknown god.
  2999 | D:4      | Found an ornate altar of the Wu Jian Council.
  3435 | D:5      | Entered Level 5 of the Dungeon
  3576 | D:5      | Found Vudyn's Armour Emporium.
  3618 | D:5      | Reached XP level 7. HP: 25/61 MP: 6/6
  3902 | D:5      | Reached skill level 7 in Long Blades
  4084 | D:5      | Found a staircase to the Ecumenical Temple.
  4126 | D:5      | Found a sparkling altar of Nemelex Xobeh.
  4190 | D:5      | Reached skill level 5 in Armour
  4432 | D:5      | Reached **** piety under Trog
  4625 | D:5      | Bought a +1 pair of gloves of archery for 231 gold pieces
  4684 | D:6      | Found a glowing silver altar of Zin.
  4722 | D:6      | Reached skill level 5 in Dodging
  4722 | D:6      | Reached XP level 8. HP: 60/70 MP: 7/7
  4739 | D:6      | Reached skill level 8 in Long Blades
  5079 | D:6      | Found an opulent altar of Gozag.
  5521 | D:7      | Found Qaunwum's Assorted Antiques.
  5524 | D:7      | Bought a shortbow for 84 gold pieces
  5571 | D:7      | Reached skill level 9 in Long Blades
  6025 | D:7      | Noticed a hippogriff
  6026 | D:7      | Found Esirapu's Assorted Antiques.
  6038 | D:7      | Killed a hippogriff
  6448 | D:7      | Reached XP level 9. HP: 79/79 MP: 8/8
  6463 | D:7      | Found Dosot's Weapon Shoppe.
  6533 | D:7      | Found Fedosmocw's Magic Scroll Boutique.
  7060 | D:8      | Reached skill level 1 in Bows
  7339 | D:8      | Found a burning altar of Makhleb.
  7381 | D:8      | Reached skill level 10 in Long Blades
  7394 | D:8      | Noticed a dagger
  7406 | D:8      | Noticed a dagger
  7409 | D:8      | Found a hide-covered altar of Uskayaw.
  7809 | D:9      | Noticed a troll
  7823 | D:9      | Killed a troll
  8064 | D:9      | Received a gift from Trog
  8064 | D:9      | Reached skill level 11 in Long Blades
  8284 | D:9      | Found a hazy altar of Hepliaklqana.
  8290 | D:9      | Reached XP level 10. HP: 90/90 MP: 9/9
  8557 | D:9      | Got a slimy rapier
  8558 | D:9      | Identified the cursed +0 rapier of Crystal {pierce, Str+2} (You found it on level 9 of the Dungeon)
  8637 | D:9      | Identified a scroll of acquirement
  8679 | D:9      | Received a gift from Trog
  8817 | D:9      | Found a staircase to the Orcish Mines.
  8862 | D:9      | Reached skill level 12 in Long Blades
  9039 | D:9      | Found a sacrificial altar of Ru.
  9076 | D:9      | Reached skill level 5 in Bows
  9179 | D:10     | Entered Level 10 of the Dungeon
 10060 | D:11     | Reached ***** piety under Trog
 10060 | D:11     | Reached XP level 11. HP: 97/97 MP: 10/10
 10089 | D:11     | Received a gift from Trog
 10334 | D:11     | Noticed a brown ugly thing
 10345 | D:11     | Killed a brown ugly thing
 10633 | D:11     | Reached skill level 13 in Long Blades
 10634 | D:11     | Received a gift from Trog
 10731 | D:11     | Found a staircase to the Lair.
 10746 | D:11     | Reached skill level 10 in Fighting
 11127 | Lair:1   | Entered Level 1 of the Lair of Beasts
 11307 | Lair:1   | Reached skill level 10 in Armour
 11697 | Lair:1   | Noticed Grum
 11709 | Lair:1   | Killed Grum
 11780 | Lair:1   | Reached skill level 14 in Long Blades
 12135 | Lair:1   | Reached XP level 12. HP: 98/108 MP: 11/11
 12273 | Lair:1   | Noticed an eight-headed hydra
 12280 | Lair:1   | Killed an eight-headed hydra
 12750 | Lair:2   | Reached skill level 1 in Evocations
 12928 | Lair:2   | Received a gift from Trog
 12958 | Lair:2   | Found a dark tunnel.
 12974 | Lair:2   | Reached skill level 10 in Dodging
 13047 | Volcano  | Entered a volcano
 13189 | Volcano  | Found a burning altar of Makhleb.
 13271 | Volcano  | Reached skill level 15 in Long Blades
 14043 | Lair:2   | Received a gift from Trog
 14521 | Lair:2   | Found a snail-covered altar of Cheibriados.
 14671 | Lair:2   | Got an ancient amber ring
 14673 | Lair:2   | Identified the ring of Ytaosem {MP+9 Int+5 Dex+2} (You found it on level 2 of the Lair of Beasts)
 15404 | Lair:3   | Found a staircase to the Snake Pit.
 15415 | Lair:3   | Reached XP level 13. HP: 111/117 MP: 14/14
 16857 | Lair:4   | Received a gift from Trog
 16983 | Lair:4   | Found a staircase to the Swamp.
 17251 | Lair:4   | Found a labyrinth entrance.
 17268 | Lab      | Entered a labyrinth
 17846 | Lab      | Noticed a minotaur
 17854 | Lab      | Killed a minotaur
 18027 | Lair:4   | Received a gift from Trog
 18039 | Lair:4   | Noticed Urug
 18051 | Lair:4   | Killed Urug
 18051 | Lair:4   | Reached skill level 16 in Long Blades
 18141 | Lair:4   | Got a transparent lapis lazuli ring
 18142 | Lair:4   | Identified the ring of Worchyji {+Inv MP+9 Int+7} (You acquired it on level 4 of the Lair of Beasts)
 18739 | Lair:5   | Reached skill level 5 in Evocations
 18854 | Lair:5   | Found a staircase to the Slime Pits.
 19710 | Lair:6   | Entered Level 6 of the Lair of Beasts
 19968 | D:12     | Received a gift from Trog
 20088 | D:12     | Reached XP level 14. HP: 123/127 MP: 17/17
 21156 | Orc:1    | Entered Level 1 of the Orcish Mines
 21158 | Orc:1    | Paralysed by an orc sorcerer for 6 turns
 21795 | Orc:1    | Received a gift from Trog
 21911 | Orc:1    | Found a transporter.
 21913 | Orc:1    | Noticed Oxkywax's ghost (journeyman DsFE)
 21989 | Orc:1    | Found a transporter.
 22335 | Orc:1    | Found a roughly hewn altar of Beogh.
 22427 | Orc:2    | Entered Level 2 of the Orcish Mines
 22481 | Orc:2    | Noticed an orc warlord
 22504 | Orc:2    | Killed an orc warlord
 22520 | Orc:2    | Noticed a stone giant
 22536 | Orc:2    | Killed a stone giant
 22551 | Orc:2    | HP: 1/129 [sixfirhy[an orc high priest] (7)]
 22551 | Orc:2    | Mangled by a sixfirhy

Skill      XL: |  1  2  3  4  5  6  7  8  9 10 11 12 13 14 |
---------------+-------------------------------------------+-----
Long Blades    | 4 5 6 7 9 11 12 14 15 16 | 16.5
Fighting       | 4 5 6 7 8 9 10 11 12 13 | 13.1
Armour         | 3 4 5 6 7 9 10 11 12 13 | 13.0
Dodging        | 3 4 5 6 7 8 9 10 11 12 | 12.0
Bows           | 3 5 7 |  7.9
Evocations     | 3 5 6 |  6.3

Action                   |  1- 3 |  4- 6 |  7- 9 | 10-12 | 13-15 || total
-------------------------+-------+-------+-------+-------+-------++-------
Melee: Falchion          |    75 |   167 |    24 |       |       ||   266
       Headbutt          |    12 |    36 |    62 |   134 |   143 ||   387
       Long sword        |       |       |   247 |   400 |   126 ||   773
       Great sword       |       |       |       |   101 |   330 ||   431
 Fire: Shortbow          |       |       |    11 |    12 |    23 ||    46
       Longbow           |       |       |       |       |    11 ||    11
Invok: Berserk           |     2 |     5 |     5 |     7 |     3 ||    22
       Trog's Hand       |       |     1 |     2 |     4 |     2 ||     9
       Brothers in Arms  |       |       |       |     1 |     1 ||     2
Evoke: Wand              |       |       |       |       |     3 ||     3
  Use: Scroll            |    10 |     8 |     9 |     9 |     4 ||    40
       Potion            |       |       |       |     2 |     3 ||     5
  Eat: Chunk             |     3 |     8 |    20 |    29 |    21 ||    81
       Ration            |       |     1 |     1 |     1 |     2 ||     5
Armor: Ring mail         |     8 |       |       |       |       ||     8
       Chain mail        |    39 |    84 |    23 |       |       ||   146
       Plate armour      |       |       |   156 |   340 |   243 ||   739
Dodge: Dodged            |    37 |    86 |   137 |   374 |   325 ||   959
       Rpst.: Falchion   |     9 |    24 |     2 |       |       ||    35
       Long sword        |       |       |    42 |    75 |    25 ||   142
       Great sword       |       |       |       |    22 |    59 ||    81
